 Dungeon Crawl Stone Soup version 0.16-a0-4023-g001212b (console) character file.

3269 Monkaria the Carver (level 9, -15/79 HPs)
             Began as a Minotaur Chaos Knight on Feb 18, 2015.
             Demolished by a reaper
             ... wielding a +3 scythe of pain
             ... summoned by the severe capriciousness of Xom
              (36 damage)
             ... on level 9 of the Dungeon.
             The game lasted 00:23:04 (8829 turns).

Monkaria the Carver (Minotaur Chaos Knight)         Turns: 8829, Time: 00:23:04

Health: -15/79     AC: 19    Str: 25      XL:     9   Next: 68%
Magic:  4/4        EV: 12    Int:  9      God:    Xom [......]
Gold:   108        SH:  0    Dex:  7 (10) Spells: 0 memorised, 8 levels left

rFire  . . .     SeeInvis .     u - +2 long sword (holy)
rCold  + . .     Clarity  .     t - +6 ring mail of Nuttew {MR+ Str+8}
rNeg   + . .     SustAb   .     (no shield)
rPois  +         Gourm    .     (helmet restricted)
rElec  .         Spirit   .     R - +0 cloak {+Inv}
rCorr  .         Warding  +     (no gloves)
rMut   .         Stasis   .     N - +0 pair of boots (curse)
MR     ++...                    U - amulet of warding (curse)
Stlth  ..........               h - ring of poison resistance
                                m - ring of protection from magic (curse)

@: very resistant to hostile enchantments, extremely unstealthy
A: retaliatory headbutt, horns 2, molten scales 1, rough black scales 1, blurry
vision 1, cold resistance 1, deformed body, deterioration 1, shaggy fur 1, weak
1
a: Renounce Religion, Evoke Invisibility


You were on level 9 of the Dungeon.
You worshipped Xom.
You were a very special plaything of Xom.
You were not hungry.

You visited 2 branches of the dungeon, and saw 10 of its levels.

You collected 510 gold pieces.
You spent 402 gold pieces at shops.

Inventory:

Hand weapons
 a - a +1 falchion of chaos
 u - a +2 long sword of holy wrath (weapon)
 S - a +0 morningstar of protection
 T - a +0 blowgun
Missiles
 k - 33 poisoned needles
 s - 7 arrows of dispersal
Armour
 t - the +6 ring mail of Nuttew (worn) {MR+ Str+8}
   (You bought it in a shop on level 4 of the Dungeon)

   It affects your strength (+8).
   It affects your resistance to hostile enchantments.
 K - the +5 ring mail of the Chupacabra {rElec rC+ Str+7 Slay-6}
   (You found it on level 9 of the Dungeon)

   It affects your strength (+7).
   It affects your accuracy and damage with ranged weapons and melee attacks
   (-6).
   It protects you from cold.
   It insulates you from electricity.
 N - a cursed +0 pair of boots (worn)
 R - a +0 cloak of invisibility (worn)
Jewellery
 f - an uncursed ring of teleportation
 g - an uncursed ring of flight
 h - a ring of poison resistance (right hand)
 l - a +2 ring of slaying
 m - a cursed ring of protection from magic (left hand)
 y - an uncursed ring of protection from fire
 C - an uncursed amulet of regeneration
 U - a cursed amulet of warding (around neck)
Magical devices
 q - a wand of cold (5)
 E - a wand of magic darts (24)
 G - a wand of draining (8)
 M - a wand of paralysis (18)
Scrolls
 e - 2 scrolls of enchant armour
 p - 2 scrolls of noise
 r - 3 scrolls of teleportation
 x - a scroll of acquirement {unknown}
 A - 2 scrolls of fear {unknown}
 B - 4 scrolls of remove curse
 P - 2 scrolls of enchant weapon
Potions
 b - a potion of beneficial mutation {unknown}
 d - 7 potions of curing
 i - a potion of agility
 j - a potion of invisibility
 n - a potion of magic
 o - 2 potions of cancellation
 w - a potion of berserk rage
 z - 2 potions of brilliance
 F - 4 potions of haste
 H - a potion of heal wounds
 J - a potion of ambrosia {unknown}
 L - 2 potions of flight {unknown}
 O - a potion of restore abilities {unknown}
 Q - a potion of might {unknown}
 W - a potion of degeneration {unknown}
Books
 V - a book of Maledictions

   Spells                             Type                      Level
   a - Corona                         Hexes                        1
   b - Sure Blade                     Hexes/Charms                 2
   c - Ensorcelled Hibernation        Hexes/Ice                    2
   d - Confuse                        Hexes                        3
   e - Dazzling Spray                 Conjuration/Hexes            3
   f - Enslavement                    Hexes                        4
Comestibles
 c - 8 bread rations
 v - 9 fruits
 D - 4 meat rations
 I - 2 beef jerkies
 Y - 2 poisonous chunks of flesh


   Skills:
 - Level 7.0 Fighting
 + Level 12.1 Long Blades
 - Level 8.2 Armour
 - Level 5.1 Dodging


You had 8 spell levels left.
You didn't know any spells.

Dungeon Overview and Level Annotations

Branches:
Dungeon (9/15)             Temple (1/1) D:4            Lair (0/8) D:9
    Orc (0/4) D:9

Altars:
Ashenzari
Cheibriados
Dithmenos
Elyvilon
Fedhas
Gozag
Kikubaaqudgha
Makhleb
Nemelex Xobeh
Okawaru
Qazlal
Ru
Sif Muna
Trog
Vehumet
Xom
Yredelemnul
Zin
The Shining One

Shops:
D:4 *%}   D:9 !

Annotations:
D:8 exclusion: ice statue


Innate Abilities, Weirdness & Mutations

You reflexively headbutt those who attack you in melee.
You have a pair of horns on your head.
You are partially covered in molten scales (AC +1).
You are partially covered in rough black scales (AC +4, Dex -1).
Scrolls take you a little longer to read.
Your flesh is cold resistant.
Armour fits poorly on your strangely shaped body.
Your body is slowly deteriorating.
You are covered in fur (AC +1).
You are weak. (Str -2)


Message History

You hit the boring beetle but do no damage.
You headbutt the boring beetle, but do no damage.
The boring beetle is heavily wounded.
The reaper hits you from afar with a scythe of pain!!
The boring beetle waves its antennae.
The boring beetle bites you.
Unknown command.
You hit the boring beetle. Your headbutt misses the boring beetle.
The boring beetle is severely wounded.
The boring beetle closely misses you.
You completely miss the boring beetle.
The boring beetle is severely wounded.
The reaper hits you from afar with a scythe of pain.
* * * LOW HITPOINT WARNING * * *
Read which item? (? for menu, Esc to quit)
The boring beetle barely misses you.
You begin reading the scroll.
You continue reading the scroll.
The reaper hits you from afar with a scythe of pain!!!
You die...
Xom is highly amused!

.#..#.....###.#....#.......#.....
...#...#.#...........#...##.....#
.#.###....#.###......##....#...#.
..####......# ##...##.........#.#
####........######.##..#...#..#..
###.##........# ####...#.#......
##.####..#....## ##...........
..####.........### #..........#.
.####...#.....##@# ##..#.#..##.#
####.#.#.#.#.##.B# ##.##..#####
##....#.......2#...# #.....##..#
##.........###.#.###.##.##.....#.
#.###...#### ##.#.# ##.#....#.#
### ##### #..# #......#.. #.#
####....## ## ######


You could see a reaper and a boring beetle.

Vanquished Creatures
  A sixfirhy (D:4)
  An orange demon (D:9)
  The ghost of runewalsh the Chiller, an average OpIE of Vehumet (D:3)
  A spriggan (D:7)
  A neqoxec (D:4)
  A warg (D:9)
  Menkaure (D:5)
  2 orc warriors
  2 ice beasts (D:6)
  A sky beast (D:3)
  A wasp (D:9)
  4 ogres
  2 centaurs
  A phantom (D:9)
  3 boring beetles (D:9)
  3 giant frogs
  A big kobold (D:9)
  A water moccasin skeleton (D:9)
  A scorpion (D:9)
  A quasit (D:9)
  6 crimson imps
  2 giant frog skeletons (D:7)
  A giant frog zombie (D:9)
  A centaur zombie (D:8)
  An iron imp (D:4)
  3 orc priests
  A gnoll shaman (D:6)
  4 worker ants
  2 iguanas (D:5)
  9 orc wizards
  A killer bee zombie (D:8)
  Jessica (D:3)
  A mummy (D:8)
  14 gnolls
  11 adders
  3 giant mites
  4 shadow imps
  A worm (D:3)
  2 adder zombies
  An adder skeleton (D:5)
  2 giant geckos
  2 oozes
  27 orcs
  5 giant cockroaches
  14 goblins
  14 hobgoblins
  17 kobolds
  6 quokkas
  2 ball pythons
  7 bats
  2 giant gecko skeletons
  6 giant newts
  A giant spore (D:6)
  8 jackals
  A quokka skeleton (D:9)
  10 rats
  3 ballistomycetes (D:6)
226 creatures vanquished.

Vanquished Creatures (others)
  A butterfly (D:9)
1 creature vanquished.

Grand Total: 227 creatures vanquished

Notes
Turn   | Place    | Note
--------------------------------------------------------------
     0 | D:1      | Monkaria, the Minotaur Chaos Knight, began the quest for the Orb.
     0 | D:1      | Reached XP level 1. HP: 19/19 MP: 1/1
    59 | D:1      | Reached skill level 4 in Fighting
    70 | D:1      | XOM: harmless Divn miscast
    76 | D:1      | Reached XP level 2. HP: 24/27 MP: 1/1
   208 | D:1      | XOM: harmless Air miscast
   344 | D:1      | XOM: silly message
   600 | D:1      | XOM: harmless Necr miscast
   656 | D:2      | Reached XP level 3. HP: 25/33 MP: 2/2
   766 | D:2      | XOM: enchant monster (good)
   769 | D:2      | XOM: butterfly on damage
   772 | D:2      | Reached skill level 5 in Long Blades
   854 | D:2      | Reached XP level 4. HP: 24/41 MP: 2/2
   940 | D:2      | XOM: silly message
  1000 | D:2      | Found a white marble altar of Elyvilon.
  1009 | D:2      | XOM: god gift: jewelled bronze wand {god gift}
  1044 | D:2      | XOM: god gift: 7 arrows of dispersal
  1119 | D:2      | Found a stormy altar of Qazlal.
  1155 | D:2      | XOM: mild Trmt miscast
  1210 | D:2      | XOM: confuse monster(s)
  1261 | D:2      | Reached skill level 5 in Fighting
  1287 | D:2      | XOM: god gift: 27 stones
  1343 | D:3      | XOM: noise
  1345 | D:3      | Noticed a sky beast
  1353 | D:3      | Killed a sky beast
  1353 | D:3      | Reached skill level 6 in Long Blades
  1353 | D:3      | Reached XP level 5. HP: 35/48 MP: 2/2
  1357 | D:3      | Gained mutation: Scrolls take you a little longer to read. [mutagenic meat]
  1358 | D:3      | Gained mutation: You are weak. (Str -2) [mutagenic meat]
  1510 | D:3      | XOM: god gift: scroll of noise
  1616 | D:3      | Reached skill level 7 in Long Blades
  1903 | D:3      | Noticed Jessica
  1912 | D:3      | Killed Jessica
  1915 | D:3      | XOM: polymorph giant gecko -> orc
  2011 | D:3      | XOM: give mutations
  2011 | D:3      | Gained mutation: You can spit poison. [Xom's grace]
  2011 | D:3      | Gained mutation: You are partially covered in molten scales (AC +1). [Xom's grace]
  2011 | D:3      | Gained mutation: You are resistant to hostile enchantments. [Xom's grace]
  2011 | D:3      | Gained mutation: You are partially covered in rough black scales (AC +4, Dex -1). [Xom's grace]
  2026 | D:3      | Noticed runewalsh's ghost (average OpIE)
  2038 | D:3      | Killed runewalsh's ghost
  2038 | D:3      | Reached skill level 8 in Long Blades
  2038 | D:3      | Reached XP level 6. HP: 12/56 MP: 3/3
  2223 | D:3      | XOM: give mutations
  2223 | D:3      | Gained mutation: You are highly resistant to hostile enchantments. [Xom's mischief]
  2223 | D:3      | Lost mutation: You can spit poison. [Xom's mischief]
  2223 | D:3      | Gained mutation: Armour fits poorly on your strangely shaped body. [Xom's mischief]
  2223 | D:3      | Gained mutation: You are covered in fur (AC +1). [Xom's mischief]
  2475 | D:4      | Found Leddoh's Food Boutique.
  2562 | D:4      | Found Tryoplas' Assorted Antiques.
  2565 | D:4      | Bought a runed bone wand for 72 gold pieces
  2565 | D:4      | Bought a scroll labeled HYNNOIKHOCH for 18 gold pieces
  2666 | D:4      | Found Sagg's Gadget Boutique.
  2698 | D:4      | XOM: stat loss: -1 Str (15/16)
  2899 | D:4      | XOM: give mutation
  2899 | D:4      | XOM: noise
  2916 | D:4      | Reached skill level 9 in Long Blades
  2916 | D:4      | Reached XP level 7. HP: 52/61 MP: 3/3
  2950 | D:4      | Found a staircase to the Ecumenical Temple.
  3271 | D:4      | Found a bloodstained altar of Trog.
  3365 | D:5      | Entered Level 5 of the Dungeon
  3404 | D:5      | Noticed Menkaure
  3417 | D:5      | Killed Menkaure
  3573 | D:5      | Reached skill level 5 in Armour
  3703 | D:5      | XOM: mild Hex miscast
  3707 | D:5      | XOM: harmless Chrm miscast
  3708 | D:5      | XOM: enchant monster (bad)
  3745 | D:5      | XOM: blink monster(s)
  3841 | D:5      | XOM: confuse monster(s)
  3876 | D:5      | XOM: colour smoke trail
  4241 | D:5      | XOM: scenery: 1 doors open, 1 doors close
  4622 | D:6      | XOM: noise
  4630 | D:6      | Reached XP level 8. HP: 68/68 MP: 3/3
  4653 | D:6      | XOM: smoke on damage
  4708 | D:6      | XOM: mild Conj miscast
  4809 | D:6      | XOM: god gift: runed cloak {god gift}
  4837 | D:6      | XOM: give mutations
  4837 | D:6      | Lost mutation: You are highly resistant to hostile enchantments. [Xom's mischief]
  4837 | D:6      | Lost mutation: You are resistant to hostile enchantments. [Xom's mischief]
  4837 | D:6      | Gained mutation: Your flesh is cold resistant. [Xom's mischief]
  5100 | D:6      | XOM: enchant monster (bad)
  5255 | D:6      | XOM: colour smoke trail
  5426 | D:7      | XOM: confusion (+ monsters)
  5432 | D:7      | XOM: summons 4 hostile shadow creatures
  5731 | D:7      | XOM: colour smoke trail
  5769 | D:7      | Reached skill level 5 in Dodging
  5871 | D:7      | XOM: noise
  6104 | D:7      | XOM: colour smoke trail
  6270 | D:7      | XOM is BORED!
  6270 | D:7      | XOM: mild Pois miscast
  6410 | D:7      | XOM: stat loss: -1 Dex (9/10)
  6729 | D:4      | Bought a slimy ring mail for 162 gold pieces
  6729 | D:4      | Bought a scroll of teleportation for 54 gold pieces
  6745 | D:4      | Identified the +6 ring mail of Nuttew {MR+ Str+8} (You bought it in a shop on level 4 of the Dungeon)
  6831 | D:4      | XOM: summons 4 hostile demons
  6832 | D:4      | Noticed a sixfirhy
  6832 | D:4      | Gained mutation: Your body is slowly deteriorating. [a neqoxec]
  6843 | D:4      | Killed a sixfirhy
  6856 | Temple   | Entered the Ecumenical Temple
  7115 | D:8      | Found a stormy altar of Qazlal.
  7294 | D:8      | Reached XP level 9. HP: 76/79 MP: 4/4
  7335 | D:8      | Noticed an ice statue
  7335 | D:8      | XOM: noise
  7399 | D:8      | XOM: colour smoke trail
  7445 | D:8      | XOM: harmless Trmt miscast
  7507 | D:9      | Found Kleik's Distillery.
  7511 | D:9      | Bought a potion of heal wounds for 60 gold pieces
  7511 | D:9      | Bought a potion of curing for 36 gold pieces
  7691 | D:9      | Reached skill level 10 in Long Blades
  7742 | D:9      | Found a staircase to the Orcish Mines.
  7870 | D:9      | XOM: potion effect (haste)
  7990 | D:9      | Reached skill level 11 in Long Blades
  8009 | D:9      | XOM: noise
  8059 | D:9      | XOM: enchant monster (good)
  8196 | D:9      | XOM: noise
  8202 | D:9      | Found a staircase to the Lair.
  8322 | D:9      | XOM: noise
  8323 | D:9      | XOM: butterfly on damage
  8325 | D:9      | XOM: butterfly on damage
  8333 | D:9      | Got a transparent ring mail
  8568 | D:9      | Identified the +5 ring mail of the Chupacabra {rElec rC+ Str+7 Slay-6} (You found it on level 9 of the Dungeon)
  8682 | D:9      | Reached skill level 12 in Long Blades
  8737 | D:9      | XOM: summons 4 hostile demons
  8738 | D:9      | Noticed an orange demon
  8771 | D:9      | Killed an orange demon
  8820 | D:9      | XOM: severe Necr miscast
  8821 | D:9      | Noticed a reaper
  8829 | D:9      | Demolished by a reaper

Action                   |  1- 3 |  4- 6 |  7- 9 || total
-------------------------+-------+-------+-------++-------
Melee: Falchion          |    60 |    52 |       ||   112
       Long sword        |       |    74 |   426 ||   500
Evoke: Wand              |       |       |     4 ||     4
  Use: Scroll            |     6 |     4 |     7 ||    17
       Potion            |       |       |     2 ||     2
 Stab: Paralysed         |     2 |       |       ||     2
       Confused          |       |       |     1 ||     1
  Eat: Chunk             |       |     9 |    19 ||    28
       Pizza             |       |       |     1 ||     1
